 Dungeon Crawl Stone Soup version 0.27-a0-1147-gb3d8e82157 (webtiles) character file.

Game seed: 4259190825010014804

1856 HoaS the Cruncher (level 9, 0/48 HPs)
             Began as a Gargoyle Gladiator on May 11, 2021.
             Killed by divine providence
             ... invoked by an orc priest
              (17 damage)
             ... on level 7 of the Dungeon.
             The game lasted 00:14:33 (6720 turns).

HoaS the Cruncher (Gargoyle Gladiator)              Turns: 6720, Time: 00:14:33

Health: 0/48       AC: 15    Str: 20    XL:     9   Next: 13%
Magic:  9/9        EV: 11    Int: 10    God:
Gold:   168        SH:  0    Dex: 11    Spells: 8/8 levels left

rFire    + . .     SeeInvis .   a - +0 quarterstaff (elec)
rCold    . . .     Faith    .   (shield currently unavailable)
rNeg     + . .     Spirit   .   j - +0 ring mail
rPois    ∞         Reflect  .   c - +1 helmet
rElec    +         Harm     .   p - +0 cloak
rCorr    .         Rampage  .   i - +0 pair of gloves
Will     .....                  (no boots)
Stlth    +.........             y - amulet of the acrobat
HPRegen  0.16/turn              n - ring of protection from fire
MPRegen  0.11/turn              (no ring)

@: studying 2 skills
A: sickness immunity, AC +6, negative energy resistance 1, electricity
resistance, torment resistance 1, petrification resistance
a: no special abilities


You were on level 7 of the Dungeon.
You visited 1 branch of the dungeon, and saw 7 of its levels.

You collected 278 gold pieces.
You spent 110 gold pieces at shops.

Inventory:

Hand Weapons
 a - a +0 quarterstaff of electrocution (weapon)
 q - a +0 shortbow
Missiles
 d - 2 throwing nets (quivered)
 g - 110 arrows
 h - 17 poisoned darts
 k - 3 boomerangs of dispersal
 t - 4 boomerangs
Armour
 c - a +1 helmet (worn)
 i - a +0 pair of gloves (worn)
 j - a +0 ring mail (worn)
 p - a +0 cloak (worn)
Jewellery
 n - a ring of protection from fire (left hand)
 y - an amulet of the acrobat (around neck)
Wands
 b - a wand of flame (15)
 l - a wand of polymorph (5)
 A - a wand of iceblast (5)
Scrolls
 o - a scroll of magic mapping
 z - a scroll of blinking {unknown}
Potions
 e - a potion of berserk rage
 f - a potion of lignification
 r - a potion of invisibility {unknown}
 s - a potion of resistance {unknown}
 w - a potion of attraction {unknown}
 x - 2 potions of heal wounds


   Skills:
 - Level 2.1 Fighting
 + Level 11.7 Staves
 - Level 1.7 Throwing
 - Level 2.4 Dodging


You had 8 spell levels left.
You didn't know any spells.
Your spell library contained the following spells:

 Spells                   Type           Power      Damage    Failure   Level
 Animate Skeleton         Necr           0%         N/A       54%         1
 Pain                     Necr           0%         1d4       54%         1
 Vampiric Draining        Necr           0%         2d6       89%         3
 Animate Dead             Necr           0%         N/A       100%        4
 Agony                    Necr           0%         N/A       100%        5


Dungeon Overview and Level Annotations

Branches:
Dungeon (7/15)
 Temple: D:4-7

Altars:
Cheibriados
Dithmenos
Hepliaklqana
Makhleb
Sif Muna
Vehumet

Shops:
D:3 (   D:5 !


Innate Abilities, Weirdness & Mutations

You are immune to sickness and miasma.
Your stone body is resilient. (AC +6)
You are immune to poison.
You resist negative energy. (rN+)
You are resistant to electric shocks. (rElec)
You are resistant to unholy torment.
You are immune to petrification.


Message History

The water moccasin misses you.
Found 8 gold pieces.
You hit the water moccasin but do no damage.
Lightning courses through the water moccasin!
The water moccasin is moderately wounded.
The water moccasin bites you but does no damage.
You hit the water moccasin.
Lightning courses through the water moccasin!
The water moccasin is almost dead.
The water moccasin bites you but does no damage.
You miss the water moccasin.
The water moccasin is almost dead.
The water moccasin barely misses you.
You hit the water moccasin but do no damage.
Lightning courses through the water moccasin!
You kill the water moccasin!
An orc and an orc priest come into view.
The orc shouts!
The orc priest shouts!
An orc priest comes into view. It is wielding a +0 flail.
An orc comes into view. It is wielding a +0 hand axe.
The orc priest moves out of view.
There is a stone staircase leading up here.
The orc barely misses you.
There is a stone staircase leading up here.
You barely miss the orc.
The orc shouts!
You hit the orc. Lightning courses through the orc!!
You kill the orc!
You hear a shout!
The orc priest mumbles some strange prayers to Beogh against you.
Beogh smites you!
An ufetubus comes into view.
The orc priest invokes the aid of Beogh against you.
Beogh smites you!
An orc priest comes into view. It is wielding a +0 short sword.
You see here a +0 short sword.
You barely miss the orc priest. The orc priest barely misses you.
The orc priest calls down the wrath of Beogh upon you.
Beogh smites you!
You die...

#.# #.# #.# #.#
#.# #.# #### #.# o
...###<#
...###..##@#
....o$#.##o######
#....o...o........
###..#............
##...5o...#..8..
###.##...##.[.# #.
.#..# #### ..
....# #####...#


You could see 2 orc priests, an orc and an ufetubus.

Vanquished Creatures
  A water moccasin (D:7)
  A sky beast (D:6)
  2 ogres
  3 centaurs
  3 phantoms (D:5)
  Blork the orc (D:4)
  A scorpion (D:4)
  A water moccasin skeleton (D:4)
  An electric eel (D:6)
  3 howler monkeys
  A crimson imp (D:5)
  A bullfrog zombie (D:5)
  2 hounds (D:5)
  2 orc priests
  Jessica (D:2)
  Terence (D:2)
  Natasha (thrice) (D:2)
  An iguana (D:4)
  4 orc wizards
  A scorpion zombie (D:5)
  A hound skeleton (D:4)
  2 howler monkey skeletons
  5 adders
  4 gnolls (D:2)
  An ufetubus (D:6)
  An adder skeleton (D:4)
  2 worms
  2 dart slugs
  19 orcs
  2 ball pythons
  3 endoplasms
  A giant cockroach (D:1)
  4 hobgoblins
  6 jackals
  3 quokkas
  5 bats
  3 frilled lizards
  2 goblins
  6 kobolds
  5 rats
111 creatures vanquished.

Vanquished Creatures (others)
  An orc wizard (D:5)
1 creature vanquished.

Grand Total: 112 creatures vanquished

Notes
Turn   | Place    | Note
-------+----------+-------------------------------------------
     0 | D:1      | HoaS the Gargoyle Gladiator began the quest for the Orb.
     0 | D:1      | Reached XP level 1. HP: 12/12 MP: 1/1
   545 | D:1      | Found a faded altar of an unknown god.
   656 | D:1      | Reached XP level 2. HP: 17/17 MP: 2/2
  1077 | D:2      | Noticed Terence
  1083 | D:2      | Killed Terence
  1084 | D:2      | Reached skill level 4 in Staves
  1084 | D:2      | Reached XP level 3. HP: 21/21 MP: 3/3
  1093 | D:2      | Noticed Jessica
  1099 | D:2      | Killed Jessica
  1100 | D:2      | Reached XP level 4. HP: 20/26 MP: 4/4
  1167 | D:2      | Reached skill level 5 in Staves
  1173 | D:2      | Noticed Natasha
  1183 | D:2      | Killed Natasha
  1553 | D:2      | Noticed Natasha
  1567 | D:2      | HP: 1/26 [Natasha (4)]
  1570 | D:2      | Killed Natasha
  1571 | D:2      | Reached XP level 5. HP: 1/30 MP: 5/5
  1879 | D:2      | Noticed Natasha
  1899 | D:2      | Killed Natasha
  2145 | D:2      | Reached skill level 6 in Staves
  2832 | D:3      | Found Qyotum's Weapon Shop.
  2871 | D:3      | Reached XP level 6. HP: 35/35 MP: 6/6
  3216 | D:4      | Reached skill level 7 in Staves
  3471 | D:4      | Found a shadowy altar of Dithmenos.
  3494 | D:4      | Reached XP level 7. HP: 40/40 MP: 7/7
  3636 | D:4      | Reached skill level 8 in Staves
  3838 | D:4      | Noticed Blork the orc
  3844 | D:4      | Killed Blork the orc
  3887 | D:4      | Reached skill level 9 in Staves
  4201 | D:4      | Found a shimmering blue altar of Sif Muna.
  4477 | D:5      | Entered Level 5 of the Dungeon
  4503 | D:5      | Reached XP level 8. HP: 36/44 MP: 8/8
  4723 | D:5      | Found a burning altar of Makhleb.
  4723 | D:5      | Found a radiant altar of Vehumet.
  4875 | D:5      | HP: 1/44 [orc priest/divine providence (11)]
  4880 | D:5      | Reached skill level 10 in Staves
  5370 | D:5      | Found Qasuek's Distillery.
  5380 | D:5      | Bought a potion of heal wounds for 55 gold pieces
  5380 | D:5      | Bought a potion of heal wounds for 55 gold pieces
  5760 | D:6      | Found a hazy altar of Hepliaklqana.
  5761 | D:6      | Found a snail-covered altar of Cheibriados.
  6037 | D:6      | Reached skill level 11 in Staves
  6393 | D:6      | Reached XP level 9. HP: 34/48 MP: 9/9
  6694 | D:7      | Identified a scroll of acquirement
  6694 | D:7      | Acquired a manual of Dodging
  6720 | D:7      | Killed from afar by an orc priest

Illustrated notes

Levels and vault maps discovered:
D:1:      dpeg_arrival_arbitrary_c, layout_loops_corners,
          chequers_ecumenical_altar_island
D:2:      layout_loops_cross, uniq_natasha, uniq_jessica, uniq_terence
D:3:      layout_rooms, serial_shops, shop_fountains
D:4:      layout_loops_corners, kennysheep_mini, nicolae_sif_muna_condensation,
          serial_rivers, chequers_serial_rivers_micro_c,
          chequers_serial_rivers_large_b, chequers_serial_rivers_small_b,
          chequers_serial_rivers_room_b, chequers_serial_rivers_room_b,
          grunt_decor_fettered, hangedman_decor_diamond_cutter,
          minmay_manual_mares, uniq_blork_the_orc
D:5:      layout_basic, grunt_temple_overflow_lords_of_destruction,
          serial_shops, nicolae_shop_statue_plus
D:6:      layout_loops_ring, grunt_temple_overflow_open, nicolae_lava_and_water,
          kennysheep_generic_room_15
D:7:      layout_rooms, nicolae_yredelemnul_corpse_copse,
          minmay_temple_entry_antechambers, mrwooster_statue_mirror

Skill      XL: |  1  2  3  4  5  6  7  8 |
---------------+-------------------------+-----
Staves         | 4 5 6 7 9 11 | 11.7
Fighting       | |  2.1
Throwing       | |  1.7
Dodging        | |  2.4

Action                   |  1- 3 |  4- 6 |  7- 9 || total
-------------------------+-------+-------+-------++-------
Melee: Quarterstaff      |    44 |   180 |   234 ||   458
Throw: Throwing net      |     1 |     1 |     2 ||     4
       Dart              |       |     4 |       ||     4
  Use: Scroll            |       |     9 |     5 ||    14
       Potion            |       |       |     3 ||     3
 Stab: Held in net/web   |       |     1 |       ||     1
Armor: Leather armour    |     4 |       |       ||     4
       Ring mail         |     9 |    78 |   131 ||   218
Dodge: Dodged            |    22 |    96 |   120 ||   238

Table legend: (Time is in decaauts)
 A = Elapsed time spent in this place.
 B = Non-inter-level travel time spent in this place.
 C = Inter-level travel time spent in this place.
 D = Time resting spent in this place.
 E = Time spent auto-exploring this place.
 F = Levels seen in this place.
 G = Mean time per level.
                   A        B        C        D        E       F      G
               +--------+--------+--------+--------+--------+-----+--------+
         Total |   6747 |   6619 |    128 |   1799 |   3890 |   7 |  963.9 |
       Dungeon |   6747 |   6619 |    128 |   1799 |   3890 |   7 |  963.9 |
               +--------+--------+--------+--------+--------+-----+--------+

Top non-repeatable levels by time:
     D:2: 1509 daAuts
     D:4: 1293 daAuts
     D:1: 1275 daAuts
     D:5: 1211 daAuts
     D:6: 979 daAuts
     D:3: 453 daAuts
     D:7: 25 daAuts
